 Dungeon Crawl Stone Soup version 0.27.0-1-g7a089689b8 (webtiles) character file.

Game seed: 5040019770350951301

2583 Spaninq the Cleaver (level 9, 0/79 HPs)
             Began as a Minotaur Warper on Aug 2, 2021.
             Was a Follower of Okawaru.
             Splashed by Maurice's acid (11 damage)
             ... on level 8 of the Dungeon.
             The game lasted 00:16:27 (9437 turns).

Spaninq the Cleaver (Minotaur Warper)               Turns: 9437, Time: 00:16:28

Health: 0/79       AC:  8    Str: 19    XL:     9   Next: 32%
Magic:  10/10      EV:  9    Int: 10    God:    Okawaru [*.....]
Gold:   355        SH:  0    Dex: 10    Spells: 10/10 levels left

rFire    . . .     SeeInvis .   k - +0 war axe (drain)
rCold    . . .     Faith    .   (no shield)
rNeg     . . .     Spirit   .   j - +0 chain mail
rPois    .         Reflect  .   p - +2 hat
rElec    .         Harm     .   (no cloak)
rCorr    .         Rampage  .   (no gloves)
Will     .....                  (no boots)
Stlth    ..........             (no amulet)
HPRegen  0.23/turn              (no ring)
MPRegen  0.12/turn              (no ring)

@: corroded
A: horns 2, retaliatory headbutt
a: Renounce Religion, Heroism


You were on level 8 of the Dungeon.
You worshipped Okawaru.
Okawaru was aware of your devotion.
You visited 2 branches of the dungeon, and saw 9 of its levels.

You collected 355 gold pieces.

Inventory:

Hand Weapons
 k - a +0 war axe of draining (weapon)
Missiles
 d - 13 boomerangs of dispersal (quivered)
 q - 3 boomerangs
Armour
 j - a +0 chain mail (worn)
 p - a +2 hat (worn)
Scrolls
 c - a scroll of blinking
 f - 4 scrolls of identify
 g - 2 scrolls of teleportation
 i - a scroll of magic mapping
 l - 2 scrolls of fog
Potions
 e - 2 potions of curing
 h - 4 potions of haste
 m - 2 potions of brilliance
 s - a potion of mutation {unknown}
 t - 4 potions of heal wounds {unknown}


   Skills:
 + Level 7.3 Fighting
 * Level 10.1 Axes
 - Level 1.0 Throwing
 + Level 6.1 Armour
 + Level 6.0 Dodging
 - Level 1.3 Spellcasting
 - Level 2.1 Translocations
 + Level 2.4 Invocations


You had 10 spell levels left.
You didn't know any spells.
Your spell library contained the following spells:

 Spells                   Type           Power      Damage    Failure   Level
 Blink                    Tloc           N/A        N/A       90%         2
 Gell's Gravitas          Tloc           2%         N/A       99%         3
 Lesser Beckoning         Tloc           2%         N/A       99%         3
 Teleport Other           Tloc           5%         N/A       99%         3
 Manifold Assault         Tloc           5%         N/A       100%        5


Dungeon Overview and Level Annotations

Branches:
Dungeon (8/15)             Temple (1/1) D:7
   Lair: D:8-11

Altars:
Cheibriados
Dithmenos
Elyvilon
Fedhas
Gozag
Hepliaklqana
Makhleb
Nemelex Xobeh
Okawaru
Qazlal
Sif Muna
Trog
Uskayaw
Vehumet
Wu Jian
Xom
Yredelemnul
The Shining One

Annotations:
D:8 Maurice


Innate Abilities, Weirdness & Mutations

You have a pair of horns on your head.
You reflexively headbutt those who attack you in melee.


Message History

The wolf bites you but does no damage.
You barely miss the wolf.
The wolf is moderately wounded.
The wolf bites you but does no damage. x2
You miss the wolf.
The wolf is moderately wounded.
The wolf bites you but does no damage. The wolf bites you.
You closely miss the wolf. Your headbutt misses the wolf.
The wolf is moderately wounded.
The wolf bites you but does no damage. x2
You slash the wolf!
The wolf is severely wounded.
The wolf barely misses you. You furiously retaliate!
You headbutt the wolf!
You kill the wolf!
Okawaru accepts your kill.
Your Axes skill increases to level 10!
The wolf bites you but does no damage. Something hits you but does no damage.
The wolf bites you.
You hit something. Your headbutt misses something. You hit the wolf.
You drain the wolf.
You kill the wolf!
Okawaru accepts your kill. Something hits you.
Something steals your dark potion!
Your Dodging skill increases to level 6!
You miss something. You headbutt something! Something hits you.
Something steals your scroll labelled WYUD ROGRERU!
You barely miss something. You headbutt something.
Something hits you but does no damage.
You miss something. Something hits you but does no damage.
You miss something. You headbutt something.
You hear a zap.
A bolt of acid appears from out of thin air!
The bolt of acid hits you! The acid corrodes you!
You are splashed with acid!
You closely miss something.
You hear a zap.
A bolt of acid appears from out of thin air!
The bolt of acid hits you!!
* * * LOW HITPOINT WARNING * * *
You are splashed with acid!
You die...

#......# #......#
#......###......#
..........<......#
###########......#
##....## #....#
#....# .
####{#####...#
######†@........
#......#####...#
...........@... .
.##.####.####.. ..
#.# . ... #.## #..
##


There were no monsters in sight!

Vanquished Creatures
  Sigmund (D:2)
  Menkaure (D:4)
  A steam dragon (D:7)
  An orc warrior (D:8)
  An ice beast (D:6)
  2 ogres
  A necrophage (D:6)
  2 wolves (D:8)
  2 centaurs
  A scorpion (D:7)
  A wyvern skeleton (D:7)
  A water moccasin zombie (D:5)
  A water moccasin skeleton (D:6)
  3 killer bees (D:7)
  8 wights
  A howler monkey (D:6)
  A jelly (D:5)
  5 hounds
  2 centaur skeletons
  2 orc priests (D:4)
  3 iguanas
  An orc wizard (D:3)
  2 bullfrog skeletons (D:6)
  A killer bee zombie (D:6)
  4 hound skeletons
  2 adders
  3 gnolls
  2 white imps
  3 adder skeletons (D:4)
  6 dart slugs
  10 orcs
  6 ball pythons
  6 endoplasms
  A giant cockroach (D:1)
  8 goblins
  5 hobgoblins
  4 jackals (D:1)
  3 quokkas
  9 bats
  A frilled lizard (D:1)
  3 kobolds
  4 rats
125 creatures vanquished.

Vanquished Creatures (collateral kills)
  2 wights (D:7)
2 creatures vanquished.

Vanquished Creatures (others)
  A bush (D:5)
  2 fungi (D:7)
  3 plants
6 creatures vanquished.

Grand Total: 133 creatures vanquished

Notes
Turn   | Place    | Note
-------+----------+-------------------------------------------
     0 | D:1      | Spaninq the Minotaur Warper began the quest for the Orb.
     0 | D:1      | Reached XP level 1. HP: 18/18 MP: 1/1
   169 | D:1      | Reached skill level 3 in Axes
   270 | D:1      | Reached XP level 2. HP: 18/25 MP: 3/3
   575 | D:1      | Reached XP level 3. HP: 22/31 MP: 4/4
   814 | D:1      | Reached skill level 4 in Axes
  1203 | D:2      | Noticed Sigmund
  1649 | D:2      | Reached XP level 4. HP: 16/38 MP: 5/5
  2707 | D:3      | Reached skill level 5 in Axes
  2890 | D:3      | Found a sparkling altar of Nemelex Xobeh.
  2969 | D:4      | Reached XP level 5. HP: 44/46 MP: 6/6
  3715 | D:4      | Reached XP level 6. HP: 39/53 MP: 7/7
  3885 | D:4      | Reached skill level 6 in Axes
  4299 | D:5      | Entered Level 5 of the Dungeon
  4804 | D:5      | Noticed Menkaure
  5176 | D:5      | Reached skill level 5 in Fighting
  5176 | D:5      | Reached XP level 7. HP: 26/61 MP: 8/8
  5576 | D:4      | Killed Menkaure
  5577 | D:4      | Reached skill level 7 in Axes
  6620 | D:5      | Reached skill level 8 in Axes
  6620 | D:5      | Reached XP level 8. HP: 40/70 MP: 9/9
  7223 | D:6      | Found an opulent altar of Gozag.
  7223 | D:6      | Found a stormy altar of Qazlal.
  7448 | D:6      | Found a snail-covered altar of Cheibriados.
  7660 | D:6      | Found a shimmering altar of Xom.
  7774 | D:7      | Reached skill level 5 in Armour
  7774 | D:7      | Reached skill level 5 in Dodging
  7805 | D:7      | Reached skill level 9 in Axes
  7814 | D:7      | Found a glowing golden altar of the Shining One.
  7814 | D:7      | Found a shimmering blue altar of Sif Muna.
  7825 | D:7      | Found a staircase to the Ecumenical Temple.
  7829 | Temple   | Entered the Ecumenical Temple
  7927 | Temple   | Became a worshipper of Warmaster Okawaru
  8179 | D:7      | Identified the +1 robe "Onoiddy" {rF+ rC+ Str-2}
  8418 | D:7      | Reached skill level 1 in Invocations
  8466 | D:7      | Found a blossoming altar of Fedhas.
  8587 | D:7      | Reached * piety under Okawaru
  8588 | D:7      | Reached XP level 9. HP: 58/78 MP: 10/10
  9220 | D:2      | Killed Sigmund
  9415 | D:8      | Noticed Maurice
  9431 | D:8      | Reached skill level 10 in Axes
  9437 | D:8      | Splashed by Maurice's acid

Illustrated notes

Levels and vault maps discovered:
D:1:      minmay_arrival_shoal_huts, layout_basic,
          corexii_item_surrounded_by_moat, nrook_mini_vaults,
          serial_park_tiny_pond
D:2:      layout_basic, serial_bayou_pond_b, minivault_19, uniq_sigmund
D:3:      layout_rooms, nemelex_xobeh_ov_fountains_minmay
D:4:      layout_loops_corners, serial_bayou_crossing
D:5:      layout_layer_cave, kb_lookout_dungeons_type, minmay_misc_feat_square,
          uniq_menkaure
D:6:      layout_rooms, overflow_temple_1_default, xom_teletrap_fun,
          gammafunk_temple_overflow_wave, serial_curves, eino_curves_04,
          eino_curves_04
D:7:      layout_basic, mainiacjoe_overflow_boulevard,
          gammafunk_temple_overflow_elements, minmay_temple_entry_glassed_door
D:8:      layout_basic, david_defended_altar_orc, uniq_grum, uniq_maurice
Temple:   eino_wide_crystal_templ

Skill      XL: |  1  2  3  4  5  6  7  8  9 |
---------------+----------------------------+-----
Axes           | 3 4 5 6 8 9 10 | 10.1
Fighting       | 3 4 5 6 7 |  7.3
Armour         | 2 3 4 5 6 |  6.1
Dodging        | 3 4 5 6 |  6.0
Invocations    | 1 2 |  2.4
Throwing       | |  1.0
Spellcasting   | |  1.3
Translocations | |  2.1

Action                   |  1- 3 |  4- 6 |  7- 9 || total
-------------------------+-------+-------+-------++-------
Melee: Hand axe          |    96 |   150 |    68 ||   314
       Headbutt          |    10 |    24 |    34 ||    68
       War axe           |       |       |   135 ||   135
  Use: Scroll            |       |     4 |    10 ||    14
       Potion            |       |     1 |       ||     1
Armor: Leather armour    |    24 |     2 |       ||    26
       Chain mail        |       |    84 |   133 ||   217
Dodge: Dodged            |    76 |    68 |    90 ||   234
